 Dungeon Sprint DCSS version 0.30-a0-137-gd8773701ce (webtiles) character file.

Game seed: 17716782997183410756

1000000 howech the Imperceptible (level 10, -33/53 HPs)
             Began as a Spriggan Brigand on Sept 21, 2022.
             Was a Follower of Makhleb.
             Annihilated by a meat berserker
             ... wielding a +9 battleaxe
              (45 damage)
             ... in the Dungeon (Sprint VIII: "Arena of Blood").
             The game lasted 00:00:34 (10 turns).

howech the Imperceptible (Spriggan Brigand)           Turns: 10, Time: 00:00:34

Health: -33/53     AC:  3    Str:  7    XL:     10   Next: 77%
Magic:  2/18       EV: 20    Int: 14    God:    Makhleb [*.....]
Gold:   0          SH:  0    Dex: 20    Spells: 9/9 levels left

rFire   . . .      SeeInvis +    l - +∞ Axe of Woe
rCold   . . .      Faith    .    (shield currently unavailable)
rNeg    . . .      Spirit   .    b - +0 robe
rPois   .          Reflect  .    (helmet restricted)
rElec   .          Harm     .    c - +0 cloak
rCorr   .          Rampage  .    (gloves unavailable)
Will    +....      NoTele   +    (boots unavailable)
Stlth   ++++++++++               (no amulet)
HPRegen 0.17/turn                (no ring)
MPRegen 0.16/turn                (no ring)

@: very quick
A: very small, no large weapons, unfitting armour, see invisible, speed 3
a: Renounce Religion


You were in the Dungeon.
You worshipped Makhleb.
Makhleb was aware of your devotion.
You visited 1 branch

Inventory:

Hand Weapons
 a - a +2 dagger
 l - the +∞ Axe of Woe (weapon)
   (You found it in the Dungeon)
Missiles
 d - 9 poisoned darts (quivered)
 e - 3 curare-tipped darts
Armour
 b - a +0 robe (worn)
 c - a +0 cloak (worn)
Scrolls
 k - a scroll of blinking
Potions
 f - a potion of curing
 g - a potion of heal wounds
 h - a potion of haste
 i - 2 potions of magic
 j - a potion of berserk rage


   Skills:
 + Level 5.6 Fighting
 + Level 7.5 Short Blades
 * Level 9.0 Axes
 + Level 6.8 Throwing
 + Level 4.9 Dodging
 + Level 26.7 Stealth
 * Level 10.6 Invocations


You had 9 spell levels left.
You didn't know any spells.
Your spell library was empty.

Dungeon Overview and Level Annotations

Branches:
Dungeon (1/1)

Altars:
Makhleb


Innate Abilities, Weirdness & Mutations

You are very small and have problems with some larger weapons.
You are too small for most types of armour.
You have supernaturally acute eyesight. (SInv)
You cover ground extremely quickly. (Speed+++)


Message History

You have reached level 3!
Your experience leads to an increase in your attributes!
Increase (S)trength, (I)ntelligence, or (D)exterity?
You feel agile. x2
You have reached level 4!
You have reached level 5!
You feel clever.
You have reached level 6!
You have reached level 7!
You have reached level 8!
You have reached level 9!
Your experience leads to an increase in your attributes!
Increase (S)trength, (I)ntelligence, or (D)exterity?
You feel agile. x2
You have reached level 10!
You feel clever.
Unknown command.
Unknown command.
Unknown command.
Unknown command.
The bag of meat shouts! x2
You hit the bag of meat but do no damage.
You hew the bag of meat savagely.
You kill the bag of meat!
Makhleb accepts your kill.
You can now gain health from killing.
You hear a shout! x5
A bag of meat comes into view. It is wielding a +9 war axe.
You hear a shout!
A bag of meat comes into view. It is wielding a +9 war axe.
You hear a shout! x3
The meat berserker rages.
You hear a shout!
A large bag of meat comes into view. It is wielding a +9 giant spiked club.
You hear a shout!
The bag of meat hits you with a +9 war axe!!!
Ouch! That really hurt!
* * * LOW HITPOINT WARNING * * *
The meat berserker hits you with a +9 battleaxe!!!
Ouch! That really hurt!
You die...

#........_.....
......#.....#
......#_.<._# . .
......#.....#....
#....o..._.......
........###......
...###o......###.
#.O)....#
#.@o....#
......O....o....
.....O..........
..........o.....
...o...o....o.##
....#......o.#.
.......o....o#
..O##.#.....oo


You could see a large bag of meat (inner flame), 3 meat berserkers and 13 bags
of meat.

Vanquished Creatures
  2 orcs (D)
2 creatures vanquished.

Notes
Turn   | Place    | Note
-------+----------+-------------------------------------------
     0 | D        | Found the +∞ Axe of Woe
     0 | D        | howech the Spriggan Brigand began the quest for the Orb.
     0 | D        | Reached XP level 1. HP: 10/10 MP: 2/2
     3 | D        | Became a worshipper of Makhleb the Destroyer
     3 | D        | Noticed a bag of meat
     4 | D        | Noticed a meat berserker
     5 | D        | Noticed a bag of meat
     5 | D        | Noticed a bag of meat
     5 | D        | Noticed a bag of meat
     5 | D        | Noticed a bag of meat
     6 | D        | Noticed a meat berserker
     6 | D        | Noticed a bag of meat
     7 | D        | Noticed a bag of meat
     8 | D        | Noticed a meat berserker
     8 | D        | Noticed a bag of meat
     8 | D        | Noticed a bag of meat
     9 | D        | Noticed a bag of meat
     9 | D        | Killed a bag of meat
     9 | D        | Noticed a bag of meat
     9 | D        | Noticed a bag of meat
     9 | D        | Noticed a bag of meat
    10 | D        | Reached skill level 5 in Fighting
    10 | D        | Reached skill level 26 in Stealth
    10 | D        | Reached skill level 10 in Invocations
    10 | D        | Reached XP level 2. HP: 19/19 MP: 2/9
    10 | D        | Reached XP level 3. HP: 23/23 MP: 2/10
    10 | D        | Reached XP level 4. HP: 28/28 MP: 2/12
    10 | D        | Reached XP level 5. HP: 32/32 MP: 2/13
    10 | D        | Reached XP level 6. HP: 36/36 MP: 2/14
    10 | D        | Reached XP level 7. HP: 39/39 MP: 2/15
    10 | D        | Reached XP level 8. HP: 44/44 MP: 2/16
    10 | D        | Reached XP level 9. HP: 48/48 MP: 2/17
    10 | D        | Reached XP level 10. HP: 53/53 MP: 2/18
    10 | D        | Killed a bag of meat
    10 | D        | Reached * piety under Makhleb
    10 | D        | Noticed a bag of meat
    10 | D        | Noticed a bag of meat
    10 | D        | Noticed a large bag of meat
    10 | D        | Annihilated by a meat berserker

Illustrated notes

Levels and vault maps discovered:
D:        meatsprint

Skill      XL: |  1 |
---------------+----+-----
Fighting       | 5 |  5.6
Short Blades   | 7 |  7.5
Axes           | 9 |  9.0
Throwing       | 6 |  6.8
Dodging        | 4 |  4.9
Stealth        | 26 | 26.7
Invocations    | 10 | 10.6

Action                   |  1- 3 |  4- 6 |  7- 9 | 10-12 || total
-------------------------+-------+-------+-------+-------++-------
Melee: Broad axe         |     1 |       |       |     1 ||     2

Table legend: (Time is in decaauts)
 A = Elapsed time spent in this place.
 B = Non-inter-level travel time spent in this place.
 C = Inter-level travel time spent in this place.
 D = Time resting spent in this place.
 E = Time spent auto-exploring this place.
 F = Levels seen in this place.
 G = Mean time per level.
                   A        B        C        D        E       F      G
               +--------+--------+--------+--------+--------+-----+--------+
         Total |      7 |      7 |      0 |      0 |      0 |   1 |    7.0 |
       Dungeon |      7 |      7 |      0 |      0 |      0 |   1 |    7.0 |
               +--------+--------+--------+--------+--------+-----+--------+

Top non-repeatable levels by time:
       D: 7 daAuts
